 Dungeon Crawl Stone Soup version 0.31-a0-133-gaae73658be (webtiles) character file.

Game seed: 1925116920646412880

119 lunkers the Slasher (level 5, 0/45 HPs)
             Began as a Meteoran Fighter on June 1, 2023.
             Was an Initiate of Ashenzari.
             Slain by a water moccasin (2 damage)
             ... on level 5 of the Dungeon on June 2, 2023.
             The game lasted 00:05:22 (1171 turns).

lunkers the Slasher (Meteoran Fighter)              Turns: 1171, Time: 00:05:22

Health: 0/45       AC:  6    Str: 18    XL:     5   Next: 50%
Magic:  6/6        EV:  9    Int:  9    God:    Ashenzari [......]
Gold:   86         SH:  5    Dex: 15    Spells: 4/4 levels left

rFire   . . .        a - +0 long sword
rCold   . . .        c - +0 buckler
rNeg    . . .        b - +0 scale mail of the Wild Blue Yonder {Evo, Bglg} (curse)
rPois   .            (no helmet)
rElec   .            (no cloak)
rCorr   .            (no gloves)
SInv    .            (no boots)
Will    .....        (no amulet) Stlth
                     (no ring)
HPRegen 0.27/turn    (no ring)
MPRegen 0.10/turn

%: no passive effects
@: lethally poisoned (0 -> -16), glowing
A: sense surroundings 1, otherworldly, glowing, explore regen
a: Renounce Religion, Curse Item, Shatter the Chains


You were on level 5 of the Dungeon.
You worshipped Ashenzari.
Ashenzari was noncommittal.
You visited 1 branch of the dungeon, and saw 5 of its levels.

You collected 86 gold pieces.

Inventory:

Hand Weapons
 a - a +0 long sword (weapon)
Armour
 b - the cursed +0 scale mail of the Wild Blue Yonder (worn) {Evo, Bglg}

   It has a curse which improves the following skills: Evocations: Evocations.
   Beguiling: Conjurations, Hexes and Translocations.
 c - a +0 buckler (worn)
Scrolls
 e - a scroll of identify {unknown}
 f - a scroll of immolation {unknown}
 h - 2 scrolls of amnesia {unknown}
 i - a scroll of summoning {unknown}
 k - a scroll of poison {unknown}
 n - a scroll of teleportation {unknown}
 o - a scroll of fear {unknown}
Potions
 d - a potion of might
 g - a potion of enlightenment {unknown}
 j - a potion of curing
 l - a potion of haste {unknown}
 m - a potion of heal wounds {unknown}


   Skills:
 - Level 3.2 Fighting
 + Level 6.1 Long Blades
 - Level 3.6 Armour
 - Level 3.6 Shields


You had 4 spell levels left.
You didn't know any spells.
Your spell library was empty.

Dungeon Overview and Level Annotations

Branches:
Dungeon (5/15) Zot: 1786
 Temple: D:4-7

Altars:
Ashenzari
Dithmenos
Kikubaaqudgha
Vehumet

Shops:
D:2 ?   D:3 (


Innate Abilities, Weirdness & Mutations

You passively map a small area around you.
You are easily found by Zot.
You glow in the dark.
You regain HP and MP as you explore.


Message History

The water moccasin bites you!
You are more poisoned.
The water moccasin poisons you!
You feel very sick.
The scorpion stings you but does no damage.
The water moccasin bites you.
You are lethally poisoned!
The water moccasin poisons you!
* * * LOW HITPOINT WARNING * * *
You feel extremely sick. The hound misses you.
The hound bites you but does no damage.
* * * LOW HITPOINT WARNING * * *
You feel extremely sick. The water moccasin bites you.
* * * LOW HITPOINT WARNING * * *
You are more poisoned.
The water moccasin poisons you!
Ashenzari invites you to partake of a vision and a curse of fortitude and melee combat.
It was a potion of curing.
You feel better. The water moccasin bites you.
* * * LOW HITPOINT WARNING * * *
You are poisoned.
The water moccasin poisons you!
Okay, then.
You barely miss the water moccasin.
* * * LOW HITPOINT WARNING * * *
You feel very sick. You block the water moccasin's attack.
The water moccasin bites you!
* * * LOW HITPOINT WARNING * * *
You feel better. The water moccasin bites you.
* * * LOW HITPOINT WARNING * * *
You are lethally poisoned!
The water moccasin poisons you!
You closely miss the water moccasin.
* * * LOW HITPOINT WARNING * * *
You feel very sick. The water moccasin bites you.
* * * LOW HITPOINT WARNING * * *
You are more poisoned.
The water moccasin poisons you! The water moccasin bites you.
You die...

##..###..., ,
#........# *
, ##........#
, ..........#
,
#.....([##*,
* #.....<..##
, * ,
#####.....#*
* #####..#..#
* *
#.@Sh.###....
,, #.##s.#
..##. * * #.
##..# ## ,
,.. #.... ,
... /......
#..#
........**
*#.#
*..._...#* ,
..,
.........* *
, ,,


You could see a water moccasin, a scorpion and a hound.

Vanquished Creatures
  A scorpion (D:4)
  A shadow imp (D:4)
  A worm (D:2)
  A dart slug (D:2)
  7 orcs (D:4)
  4 ball pythons
  An endoplasm (D:1)
  3 giant cockroaches
  4 goblins
  4 hobgoblins
  4 jackals (D:3)
  A bat (D:3)
  A frilled lizard (D:3)
  3 kobolds
36 creatures vanquished.

Notes
Turn   | Place    | Note
-------+----------+-------------------------------------------
     0 | D:1      | lunkers the Meteoran Fighter began the quest for the Orb.
     0 | D:1      | Reached XP level 1. HP: 19/19 MP: 2/2
     0 | D:1      | Upgraded the game from 0.31-a0-128-g25add195a6 to
                  | 0.31-a0-133-gaae73658be
    87 | D:1      | You fall into a shaft and drop 1 floor!
   105 | D:2      | Reached skill level 3 in Long Blades
   105 | D:2      | Reached XP level 2. HP: 26/26 MP: 3/3
   319 | D:2      | Found Istinykeh's Magic Scroll Boutique.
   401 | D:3      | Found a broken altar of Ashenzari.
   408 | D:3      | Became a worshipper of Ashenzari the Shackled
   433 | D:3      | Reached XP level 3. HP: 31/31 MP: 4/4
   466 | D:3      | Found Maet's Antique Weapon Emporium.
   630 | D:3      | Found an ancient bone altar of Kikubaaqudgha.
   655 | D:3      | Reached skill level 4 in Long Blades
   961 | D:4      | Noticed a scorpion
   974 | D:4      | Killed a scorpion
   975 | D:4      | Reached skill level 5 in Long Blades
   975 | D:4      | Reached XP level 4. HP: 18/38 MP: 5/5
   975 | D:4      | Reached XP level 5. HP: 21/45 MP: 6/6
  1038 | D:4      | Found a radiant altar of Vehumet.
  1086 | D:4      | Reached skill level 6 in Long Blades
  1160 | D:5      | Entered Level 5 of the Dungeon
  1160 | D:5      | Noticed a water moccasin
  1163 | D:5      | Found a shadowy altar of Dithmenos.
  1169 | D:5      | HP: 2/45 [water moccasin (7)]
  1171 | D:5      | Slain by a water moccasin

Illustrated notes

Levels and vault maps discovered:
D:1:      lightli_iron_boxes, layout_basic
D:2:      layout_rooms, serial_shops, shop, minivault_14
D:3:      layout_basic, mainiacjoe_overflow_catwalk, evilmike_ruin_ashenzari,
          serial_rivers, chequers_serial_rivers_micro_a,
          chequers_serial_rivers_room_a, chequers_serial_rivers_micro_a,
          chequers_serial_rivers_large_a, chequers_serial_rivers_room_a,
          serial_shops, nicolae_shop_crystal
D:4:      layout_gridville, vehumet_crystals
D:5:      layout_rooms, nicolae_dithmenos_shadow_blocks,
          nicolae_ru_path_of_blood

Skill      XL: |  1  2  3  4  5 |
---------------+----------------+-----
Long Blades    | 3 5 6 |  6.1
Fighting       | |  3.2
Armour         | |  3.6
Shields        | |  3.6

Action                     |  1- 3 |  4- 6 || total
---------------------------+-------+-------++-------
  Melee: Long sword        |   101 |    33 ||   134
 Invoke: Curse Item        |     1 |       ||     1
    Use: Potion            |       |     2 ||     2
 Armour: Scale mail        |    46 |    18 ||    64
  Dodge: Dodged            |    46 |    11 ||    57
  Block: Buckler           |    33 |     6 ||    39

Table legend: (Time is in decaauts)
 A = Elapsed time spent in this place.
 B = Non-inter-level travel time spent in this place.
 C = Inter-level travel time spent in this place.
 D = Time resting spent in this place.
 E = Time spent auto-exploring this place.
 F = Levels seen in this place.
 G = Mean time per level.
                   A        B        C        D        E       F      G
               +--------+--------+--------+--------+--------+-----+--------+
         Total |   1212 |   1161 |     51 |      0 |      0 |   5 |  242.4 |
       Dungeon |   1212 |   1161 |     51 |      0 |      0 |   5 |  242.4 |
               +--------+--------+--------+--------+--------+-----+--------+

Top non-repeatable levels by time:
     D:3: 452 daAuts
     D:4: 348 daAuts
     D:2: 312 daAuts
     D:1: 88 daAuts
     D:5: 11 daAuts
